 Dungeon Crawl Stone Soup version 0.30-a0-371-gad7725a93e (webtiles) character file.

Game seed: 11037135408933711933

140 tpederso the Chopper (level 5, -11/47 HPs)
             Began as a Hill Orc Fighter on Nov 19, 2022.
             Mangled by an ogre
             ... wielding a +0 giant club
              (23 damage)
             ... on level 4 of the Dungeon.
             The game lasted 00:23:20 (3123 turns).

tpederso the Chopper (Hill Orc Fighter)             Turns: 3123, Time: 00:23:20

Health: -11/47     AC: 13    Str: 21    XL:     5   Next: 22%
Magic:  5/5        EV:  5    Int:  8    God:
Gold:   152        SH:  4    Dex: 10    Spells: 4/4 levels left

rFire   . . .      SeeInvis .    a - +0 war axe
rCold   . . .      Faith    .    c - +0 buckler
rNeg    . . .      Spirit   .    e - +0 plate armour
rPois   .          Reflect  .    (no helmet)
rElec   .          Harm     .    (no cloak)
rCorr   .          Rampage  .    (no gloves)
Will    .....                    y - +0 pair of boots
Stlth   ..........               (no amulet)
HPRegen 0.27/turn                (no ring)
MPRegen 0.09/turn                (no ring)

@: mighty, about to teleport
A: no striking features
a: no special abilities


You were on level 4 of the Dungeon.
You visited 1 branch of the dungeon, and saw 4 of its levels.

You collected 152 gold pieces.

Inventory:

Hand Weapons
 a - a +0 war axe (weapon)
Missiles
 g - 15 poisoned darts (quivered)
 l - 26 stones
Armour
 b - a +0 scale mail
 c - a +0 buckler (worn)
 e - a +0 plate armour (worn)
 m - a +0 ring mail
 y - a +0 pair of boots (worn)
Jewellery
 x - a ring of wizardry
Scrolls
 f - a scroll of blinking {unknown}
 j - a scroll of enchant weapon {unknown}
 n - a scroll of enchant armour {unknown}
 o - a scroll of amnesia
 s - a scroll of brand weapon {unknown}
 v - a scroll of vulnerability {unknown}
Potions
 d - a potion of might
 h - a potion of attraction
 i - a potion of cancellation
 q - 3 potions of flight
 r - a potion of curing
 t - a potion of invisibility {unknown}
 w - a potion of lignification {unknown}
 z - a potion of brilliance


   Skills:
 + Level 4.5 Fighting
 + Level 5.1 Axes
 + Level 4.2 Armour
 + Level 0.1 Stealth
 - Level 3.4 Shields


You had 4 spell levels left.
You didn't know any spells.
Your spell library contained the following spells:

 Spells                   Type           Power      Damage    Failure   Level
 Blink                    Tloc           0%         N/A       100%        2
 Momentum Strike          Conj/Tloc      0%         3d8       100%        2
 Dazzling Flash           Conj/Hex       0%         N/A       100%        3
 Lesser Beckoning         Tloc           0%         N/A       100%        3
 Agony                    Necr           0%         N/A       100%        5
 Silence                  Hex/Air        0%         N/A       100%        5


Dungeon Overview and Level Annotations

Branches:
Dungeon (4/15)
 Temple: D:4-7

Altars:
Ashenzari
Gozag

Annotations:
D:4 2 transporters, fly's ghost, weakling DgDe


Message History

A transporter.
Unknown command.
Fly's ghost turns its malevolent gaze towards you.
Found a transporter.
An ogre comes into view. It is wielding a +0 giant club.
The ogre shouts!
You throw a poisoned dart.
The poisoned dart barely misses the ogre.
You hear a splash.
You throw a poisoned dart. The poisoned dart hits the ogre.
You throw a poisoned dart. The poisoned dart hits the ogre.
The ogre is poisoned.
You feel very mighty all of a sudden.
You slash the ogre!
The ogre is moderately wounded.
The ogre hits you with a +0 giant club!
You completely miss the ogre.
The ogre is moderately wounded.
You block the ogre's attack.
You barely miss the ogre.
The ogre is moderately wounded.
The ogre looks more healthy.
The ogre hits you with a +0 giant club!
You hit the ogre.
The ogre is heavily wounded.
The ogre hits you with a +0 giant club!
* * * LOW HITPOINT WARNING * * *
You feel much better. The ogre attacks as you move away!
The ogre hits you but does no damage. The ogre attacks as you move away!
The ogre hits you with a +0 giant club!!
* * * LOW HITPOINT WARNING * * *
As you read the scroll of teleportation, it crumbles to dust.
You feel strangely unstable.
You hit the ogre.
The ogre is severely wounded.
You block the ogre's attack.
You slash the ogre!
The ogre is almost dead.
The ogre hits you with a +0 giant club!!
You die...

~P... #..#...........#..
..(.# #..#©....Z.....#..
..(. #..#############..
#..# #........©........
#...###.................
####........####.....######
......$.....## ##....## #
......###O...# ##....# #
###.. ##@..# #....## ## ##
##..## #.....###. #...##
#.........
#....###...##....
##.##..#..####.#.
#.#####..## ##.# ## ####
#.# #.# ###


You could see an ogre.

Vanquished Creatures
  A jelly (D:4)
  A hound (D:3)
  An iguana (D:4)
  An adder (D:4)
  2 dart slugs
  An orc (D:4)
  2 bats
  4 endoplasms
  6 goblins
  7 hobgoblins
  3 quokkas
  3 ball pythons
  3 frilled lizards
  5 kobolds
  4 rats
44 creatures vanquished.

Vanquished Creatures (others)
  7 plants (D:4)
7 creatures vanquished.

Grand Total: 51 creatures vanquished

Notes
Turn   | Place    | Note
-------+----------+-------------------------------------------
     0 | D:1      | tpederso the Hill Orc Fighter began the quest for the Orb.
     0 | D:1      | Reached XP level 1. HP: 19/19 MP: 1/1
   388 | D:1      | Reached XP level 2. HP: 27/27 MP: 2/2
   466 | D:1      | Reached skill level 3 in Axes
   625 | D:1      | Reached XP level 3. HP: 33/33 MP: 3/3
  2057 | D:3      | Reached skill level 4 in Axes
  2057 | D:3      | Reached XP level 4. HP: 37/41 MP: 4/4
  2216 | D:3      | Found an opulent altar of Gozag.
  2761 | D:4      | Found a broken altar of Ashenzari.
  2944 | D:4      | Reached skill level 5 in Axes
  2944 | D:4      | Reached XP level 5. HP: 45/47 MP: 5/5
  3013 | D:4      | Found a transporter.
  3016 | D:4      | Noticed fly's ghost (weakling DgDe)
  3020 | D:4      | Found a transporter.
  3107 | D:4      | Noticed an ogre
  3123 | D:4      | Mangled by an ogre

Illustrated notes

Levels and vault maps discovered:
D:1:      sevenhm_arrival_forest_fort_large_2, layout_loops_ring,
          minmay_pentomino_w4
D:2:      layout_basic
D:3:      layout_rooms, marbit_many_paths, nicolae_figureground_sparkle
D:4:      layout_layer_cave, grunt_ashenzari_visionary
          [grunt_ashenzari_visionary_swamp, grunt_ashenzari_visionary_snake],
          gammafunk_ghost_mausoleum, serial_bayou, serial_bayou_pond_a,
          serial_bayou_lagoon_a, serial_bayou_shore_b, serial_bayou_pond_b,
          uniq_duvessa

Skill      XL: |  1  2  3  4 |
---------------+-------------+-----
Axes           | 3 4 5 |  5.1
Fighting       | 4 |  4.5
Armour         | 4 |  4.2
Stealth        | |  0.1
Shields        | |  3.4

Action                   |  1- 3 |  4- 6 || total
-------------------------+-------+-------++-------
Melee: War axe           |    96 |    38 ||   134
Throw: Dart              |       |     3 ||     3
  Use: Scroll            |     2 |     5 ||     7
       Potion            |     1 |     3 ||     4
Armor: Plate armour      |    62 |    16 ||    78
Dodge: Dodged            |    24 |     6 ||    30
Block: Buckler           |    16 |     6 ||    22

Table legend: (Time is in decaauts)
 A = Elapsed time spent in this place.
 B = Non-inter-level travel time spent in this place.
 C = Inter-level travel time spent in this place.
 D = Time resting spent in this place.
 E = Time spent auto-exploring this place.
 F = Levels seen in this place.
 G = Mean time per level.
                   A        B        C        D        E       F      G
               +--------+--------+--------+--------+--------+-----+--------+
         Total |   3173 |   3137 |     36 |    480 |   2108 |   4 |  793.2 |
       Dungeon |   3173 |   3137 |     36 |    480 |   2108 |   4 |  793.2 |
               +--------+--------+--------+--------+--------+-----+--------+

Top non-repeatable levels by time:
     D:1: 1032 daAuts
     D:2: 925 daAuts
     D:3: 679 daAuts
     D:4: 535 daAuts
